 Dungeon Crawl Stone Soup version 0.31-a0-198-g2ad674f65e (webtiles) character file.

Game seed: 13484139050658814052

198 qw the Skirmisher (level 5, -1/29 HPs)
             Began as a Deep Elf Hunter on June 25, 2023.
             Slain by a gnoll
             ... wielding a +0 flail
              (5 damage)
             ... on level 4 of the Dungeon.
             The game lasted 00:00:56 (2663 turns).

qw the Skirmisher (Deep Elf Hunter)                 Turns: 2663, Time: 00:00:57

Health: -1/29      AC:  6    Str: 10    XL:     5   Next: 47%
Magic:  7/7        EV: 11    Int: 14    God:
Gold:   13         SH:  0    Dex: 18    Spells: 4/4 levels left

rFire   . . .        Y - +0 shortbow
rCold   . . .        (shield currently unavailable)
rNeg    . . .        h - +0 ring mail
rPois   .            (no helmet)
rElec   .            (no cloak)
rCorr   .            (no gloves)
SInv    .            f - +0 pair of boots
Will    .....        (no amulet)
Stlth   +            (no ring)
HPRegen 0.24/turn    (no ring)
MPRegen 0.10/turn

%: no passive effects
@: no status effects
A: no striking features
a: no special abilities


You were on level 4 of the Dungeon.
You visited 1 branch of the dungeon, and saw 4 of its levels.

You collected 73 gold pieces.
You spent 60 gold pieces at shops.


   Skills:
 + Level 1.5 Fighting
 - Level 9.0 Ranged Weapons
 - Level 2.4 Dodging
 - Level 1.2 Stealth


You had 4 spell levels left.
You didn't know any spells.
Your spell library was empty.

Inventory:

Hand Weapons
 Y - a +0 shortbow (weapon)
Armour
 f - a +0 pair of boots (worn)
 h - a +0 ring mail (worn)
Scrolls
 d - 2 scrolls of identify
Potions
 e - a potion of enlightenment

Dungeon Overview and Level Annotations

Branches:
Dungeon (4/15)
 Temple: D:4-7

Altars:

Shops:
D:1 [   D:2 *


Message History

The gnoll is severely wounded.
The gnoll closely misses you.
You shoot an arrow. The arrow hits the gnoll!
You kill the gnoll!
You start resting.
HP restored.
Done exploring.
(D) Dungeon
Where to? (* - list waypoints, Enter - D:4, ? - help)
What level of the Dungeon? (default 1, ? - help)
You climb downwards.
There is a stone staircase leading up, spattered with blood here.
Things that are here:
a +0 dagger; a +0 short sword; an orc corpse A gnoll comes into view.
It is wielding a +0 club.
You shoot an arrow.
The arrow hits the gnoll but does no damage.
The gnoll barely misses you.
You shoot an arrow. The arrow hits the gnoll!
The gnoll is severely wounded.
The gnoll hits you with a +0 club.
You shoot an arrow. The arrow closely misses the gnoll.
A gnoll comes into view. It is wielding a +0 flail.
You shoot an arrow. The arrow barely misses the gnoll.
You hear an angry hiss.
The gnoll misses you. The gnoll hits you with a +0 club!
The gnoll barely misses you.
You shoot an arrow. The arrow barely misses the gnoll.
The gnoll barely misses you. The gnoll misses you.
You shoot an arrow. The arrow hits the gnoll.
You kill the gnoll!
The gnoll hits you with a +0 flail!
Your Ranged Weapons skill increases to level 9!
You shoot an arrow. The arrow barely misses the gnoll.
An adder comes into view.
The gnoll hits you with a +0 flail!
You shoot an arrow.
The arrow hits the gnoll but does no damage.
The gnoll hits you with a +0 flail.
You die...

.....
....
...# #
#.$#
#.##...
#.....#
#.g)#
#@#
#)###
#.<.#
###.#
.# .#
.. ..
...


You could see a gnoll.

Vanquished Creatures
  A phantom (D:2)
  2 gnolls
  5 adders
  A worm (D:2)
  2 dart slugs
  3 orcs
  6 bats
  5 endoplasms
  3 giant cockroaches
  5 goblins
  3 hobgoblins
  2 quokkas
  4 ball pythons
  A frilled lizard (D:2)
  9 kobolds
  6 rats
58 creatures vanquished.

Notes
Turn   | Place    | Note
-------+----------+-------------------------------------------
     0 | D:1      | qw the Deep Elf Hunter began the quest for the Orb.
     0 | D:1      | Reached XP level 1. HP: 12/12 MP: 3/3
     0 | D:1      | 0 ||| qw: Version: 0.3-a-22-g0ed2b0b
     0 | D:1      | 0 ||| qw: Game counter: 4935
     0 | D:1      | 0 ||| qw: Melee chars always use a shield: true
     0 | D:1      | 0 ||| qw: God list: Okawaru
     0 | D:1      | 0 ||| qw: Allow faded altars: false
     0 | D:1      | 0 ||| qw: Do Orc after clearing Dungeon:15 true
     0 | D:1      | 0 ||| qw: Do second Lair branch before Depths: true
     0 | D:1      | 0 ||| qw: Lair rune preference: random
     0 | D:1      | 0 ||| qw: Goals: Normal
     0 | D:1      | 0 ||| PLANNING D:1-11
   102 | D:1      | Found a faded altar of an unknown god.
   331 | D:1      | Found Utidua Afacs's Antique Armour Shop.
   334 | D:1      | 334 ||| SHOPLISTING cloak (103 gold, have 38).
   334 | D:1      | 334 ||| SHOPLISTING helmet (103 gold, have 38).
   334 | D:1      | 334 ||| SHOPLISTING pair of glowing boots (172 gold, have
                  | 38).
   334 | D:1      | 334 ||| SHOPLISTING ring mail (92 gold, have 38).
   334 | D:1      | 334 ||| SHOPLISTING shiny scale mail (161 gold, have 38).
   572 | D:1      | 572 ||| READING 2 scrolls labelled OMAPEN ZUAMO.
   573 | D:1      | 573 ||| READING scroll labelled ZOUDOE VITSOANI.
   574 | D:1      | 574 ||| DROPPING scroll of amnesia.
   575 | D:1      | 575 ||| DROPPING scroll of butterflies.
   668 | D:2      | Reached XP level 2. HP: 16/16 MP: 4/4
   737 | D:2      | Noticed a phantom
   747 | D:2      | Killed a phantom
   748 | D:2      | Reached skill level 7 in Ranged Weapons
   748 | D:2      | Reached XP level 3. HP: 15/20 MP: 5/5
   748 | D:2      | Reached XP level 4. HP: 19/25 MP: 6/6
   872 | D:2      | HP: 6/25 [poisoned by an adder]
   965 | D:2      | Reached skill level 8 in Ranged Weapons
  1045 | D:2      | Found Daurhe Tiro's Assorted Antiques.
  1061 | D:2      | 1061 ||| BUYING scroll labelled AFUOMU XUDE (30 gold).
  1061 | D:2      | Bought a scroll labelled AFUOMU XUDE for 30 gold pieces
  1061 | D:2      | 1061 ||| BUYING scroll labelled BYOHUB QEUVVE (30 gold).
  1061 | D:2      | Bought a scroll labelled BYOHUB QEUVVE for 30 gold pieces
  1061 | D:2      | 1061 ||| SHOPLISTING scroll labelled JUSEIG DIJUCW (30
                  | gold, have 1).
  1061 | D:2      | 1061 ||| SHOPLISTING scroll of identify (60 gold, have 1).
  1498 | D:2      | 1498 ||| UPGRADING to +0 pair of boots.
  1503 | D:2      | 1503 ||| READING scroll labelled AFUOMU XUDE.
  1504 | D:2      | 1504 ||| READING scroll labelled BYOHUB QEUVVE.
  1505 | D:2      | 1505 ||| READING scroll labelled JUSEIG DIJUCW.
  1509 | D:2      | 1509 ||| READING 2 scrolls of identify.
  1509 | D:2      | 1509 ||| IDENTIFYING fizzy inky potion
  1543 | D:3      | Reached XP level 5. HP: 29/29 MP: 7/7
  1723 | D:3      | 1723 ||| FLEEEEING.
  1724 | D:3      | 1724 ||| FLEEEEING.
  1727 | D:3      | 1727 ||| FLEEEEING.
  1729 | D:3      | 1729 ||| FLEEEEING.
  1730 | D:3      | 1730 ||| FLEEEEING.
  1731 | D:3      | 1731 ||| FLEEEEING.
  1732 | D:3      | 1732 ||| FLEEEEING.
  1733 | D:3      | 1733 ||| FLEEEEING.
  1734 | D:3      | 1734 ||| FLEEEEING.
  1737 | D:3      | 1737 ||| FLEEEEING.
  1738 | D:3      | 1738 ||| FLEEEEING.
  1739 | D:3      | 1739 ||| FLEEEEING.
  1740 | D:3      | 1740 ||| FLEEEEING.
  1741 | D:3      | 1741 ||| FLEEEEING.
  1742 | D:3      | 1742 ||| FLEEEEING.
  1744 | D:3      | 1744 ||| FLEEEEING.
  2239 | D:3      | 2239 ||| UPGRADING to +0 ring mail.
  2249 | D:3      | 2249 ||| DROPPING +0 leather armour.
  2250 | D:3      | 2250 ||| READING scroll labelled GAUMUIVUHY.
  2251 | D:3      | 2251 ||| DRINKING 2 murky yellow potions.
  2304 | D:3      | 2304 ||| DROPPING potion of lignification.
  2315 | D:4      | 2315 ||| STAIRDANCE
  2324 | D:3      | HP: 7/29 [poisoned by a scorpion]
  2325 | D:3      | 2325 ||| READING scroll of teleportation.
  2456 | D:4      | 2456 ||| STAIRDANCE
  2507 | D:4      | 2507 ||| STAIRDANCE
  2533 | D:4      | 2533 ||| STAIRDANCE
  2538 | D:3      | HP: 2/29 [gnoll/+0 flail (12)]
  2662 | D:4      | Reached skill level 9 in Ranged Weapons
  2662 | D:4      | HP: 4/29 [gnoll/+0 flail (9)]
  2663 | D:4      | Slain by a gnoll

Levels and vault maps discovered:
D:1:      eino_arrival_druids_welcome, layout_basic,
          ebering_ecumenical_altar_sacrificial, serial_shops,
          nicolae_shop_tiny_real_fake_doors
D:2:      layout_basic, serial_shops, nicolae_shop_overgrown_old_shop
D:3:      minmay_spotlight, layout_basic
D:4:      layout_rooms, temple_doors_e

Skill      XL: |  1  2  3  4  5 |
---------------+----------------+-----
Ranged Weapons | 7 8 9 |  9.0
Fighting       | |  1.5
Dodging        | |  2.4
Stealth        | |  1.2

Action                     |  1- 3 |  4- 6 || total
---------------------------+-------+-------++-------
   Fire: Shortbow          |    27 |   184 ||   211
    Use: Scroll            |     2 |     6 ||     8
         Potion            |       |     1 ||     1
 Armour: Leather armour    |       |    10 ||    10
         Ring mail         |       |    25 ||    25
  Dodge: Dodged            |     3 |    67 ||    70

Table legend:
 A = Non-vault XP
 B = Vault XP
 C = Vault XP percentage of total XP
 D = Non-vault monster count
 E = Vault monster count
 F = Vault count percentage of total count
                 A         B        C        D         E       F
            +---------+---------+-------+---------+---------+-------
      Total |     277 |       6 |   2.1 |      54 |       4 |   6.9
            +---------+---------+-------+---------+---------+-------
        D:1 |       8 |       0 |   0.0 |       6 |       0 |   0.0
        D:2 |     184 |       0 |   0.0 |      22 |       0 |   0.0
        D:3 |      63 |       6 |   8.7 |      22 |       4 |  15.4
        D:4 |      22 |       0 |   0.0 |       4 |       0 |   0.0
            +---------+---------+-------+---------+---------+-------
